 Dungeon Crawl Stone Soup version 0.20.0-15-g7f486f2 (webtiles) character file.

1285 Jannitor the Carver (level 8, 0/61 HPs)
             Began as a Vampire Gladiator on June 11, 2017.
             Slain by a water moccasin (6 damage)
             ... on level 6 of the Dungeon.
             The game lasted 00:10:10 (7423 turns).

Jannitor the Carver (Vampire Gladiator)             Turns: 7423, Time: 00:10:10

Health: 0/61       AC:  4    Str: 13    XL:     8   Next: 29%
Magic:  8/8        EV: 17    Int: 10    God:
Gold:   237        SH:  0    Dex: 21    Spells: 7/7 levels left

rFire    . . .     SeeInvis +   a - +1 long sword
rCold    . . .     Gourm    .   (no shield)
rNeg     + . .     Faith    +   E - +0 robe "Luwnoet" {Dex+3} (curse)
rPois    .         Spirit   .   c - +0 helmet
rElec    .         Reflect  .   (no cloak)
rCorr    .         Harm     .   A - +0 pair of gloves
MR       .....                  (no boots)
Stlth    +++.......             p - amulet of faith
Regen    0.2/turn               D - ring of stealth
MPRegen  0.2/turn               (no ring)

@: lethally poisoned (0 -> -4)
A: fangs 3, see invisible, unbreathing
a: Bat Form


You were on level 6 of the Dungeon.
You were not thirsty.

You visited 2 branches of the dungeon, and saw 7 of its levels.

You collected 237 gold pieces.

Inventory:

Hand Weapons
 a - a +1 long sword (weapon)
Missiles
 d - 2 throwing nets (quivered)
Armour
 b - a +0 leather armour
 c - a +0 helmet (worn)
 y - a +0 robe
 A - a +0 pair of gloves (worn)
 E - the cursed +0 robe "Luwnoet" (worn) {Dex+3}
   (You found it on level 4 of the Dungeon)

   It affects your dexterity (+3).
   It has a curse placed upon it.
Jewellery
 g - an uncursed ring of stealth
 o - an uncursed ring of protection from fire {unknown}
 p - an amulet of faith (around neck)
 D - a ring of stealth (left hand)
Wands
 s - a wand of paralysis (11/24)
 v - a wand of random effects (19/48)
 z - a wand of flame (17/48)
Scrolls
 e - 4 scrolls of identify
 i - a scroll of magic mapping {unknown}
 j - 2 scrolls of immolation
 l - 2 scrolls of remove curse
 n - a scroll of fog {unknown}
 r - a scroll of blinking {unknown}
 t - 3 scrolls of teleportation {unknown}
 u - 2 scrolls of recharging {unknown}
 x - a scroll of noise {unknown}
Potions
 f - 6 potions of blood
 m - a potion of heal wounds
 q - a potion of flight
 B - a potion of cancellation


   Skills:
 + Level 4.5 Fighting
 * Level 8.4 Long Blades
 - Level 1.5 Throwing
 + Level 5.8 Dodging


You had 7 spell levels left.
You didn't know any spells.

Dungeon Overview and Level Annotations

Branches:
Dungeon (6/15)             Temple (1/1) D:4

Altars:
Ashenzari
Cheibriados
Elyvilon
Fedhas
Gozag
Hepliaklqana
Kikubaaqudgha
Nemelex Xobeh
Okawaru
Qazlal
Ru
Trog
Vehumet
Xom
Yredelemnul
Zin
The Shining One

Annotations:
D:5 sreda's ghost, amateur OgWz


Innate Abilities, Weirdness & Mutations

You have razor-sharp teeth.
You have supernaturally acute eyesight. (SInv)
You can survive without breathing.


Message History

The centaur skeleton closely misses you.
The water moccasin misses you.
You closely miss the water moccasin.
The water moccasin is moderately wounded.
You feel sick. The centaur skeleton hits you.
* * * LOW HITPOINT WARNING * * *
The water moccasin bites you.
* * * LOW HITPOINT WARNING * * *
The centaur skeleton misses you.
You riposte.
You slash the centaur skeleton! You bite the centaur skeleton.
The centaur skeleton is moderately damaged.
Throwing (i - inventory):
d - 3 throwing nets (quivered)
Press: ? - help, Shift-Dir - straight line, f - centaur skeleton
Aim: a centaur skeleton (moderately damaged)
You throw a throwing net.
The throwing net hits the centaur skeleton.
The centaur skeleton is caught in the net!
The centaur skeleton is moderately damaged.
The water moccasin bites you.
You die...

#.Z #.# ####.#
..#.######.#
#.#.#......#
..#####.#.#.########
...................#
..####.#.#Z####.###
#.#<#@# #.#.S.#
#S#.### #.#...#
#.###.####.# ...
#......#
#########..#####
........).<#
##.#########


You could see a water moccasin and a centaur skeleton (caught).

Vanquished Creatures
  Grinder (D:5)
  A phantom (D:4)
  3 ogres
  A scorpion (D:4)
  4 orc priests
  A hound (D:4)
  2 iguanas (D:4)
  7 orc wizards
  Ijyb (D:3)
  2 worker ants
  A hound skeleton (D:4)
  A worker ant zombie (D:5)
  2 gnolls
  6 adders
  4 worms
  2 dart slugs (D:3)
  2 leopard geckos
  12 orcs
  9 bats
  2 giant cockroaches (D:1)
  17 goblins
  15 hobgoblins
  7 jackals
  13 kobolds
  A quokka (D:2)
  6 frilled lizards
  A jackal skeleton (D:4)
  12 rats
136 creatures vanquished.

Notes
Turn   | Place    | Note
-------+----------+-------------------------------------------
     0 | D:1      | Jannitor the Vampire Gladiator began the quest for the Orb.
     0 | D:1      | Reached XP level 1. HP: 16/16 MP: 1/1
    83 | D:1      | Reached XP level 2. HP: 5/22 MP: 2/2
   456 | D:1      | Reached skill level 4 in Long Blades
   824 | D:1      | Reached XP level 3. HP: 21/27 MP: 3/3
  1831 | D:2      | Reached XP level 4. HP: 29/33 MP: 4/4
  1932 | D:2      | Reached skill level 5 in Long Blades
  3002 | D:3      | Noticed Ijyb
  3027 | D:3      | Killed Ijyb
  3027 | D:3      | Reached XP level 5. HP: 36/38 MP: 5/5
  3586 | D:4      | Reached skill level 6 in Long Blades
  3663 | D:4      | Noticed an ogre
  3708 | D:3      | Killed an ogre
  3708 | D:3      | Reached XP level 6. HP: 39/46 MP: 6/6
  3941 | D:4      | Found a staircase to the Ecumenical Temple.
  3994 | Temple   | Entered the Ecumenical Temple
  4359 | D:4      | Reached XP level 7. HP: 52/52 MP: 7/7
  4408 | D:4      | Reached skill level 7 in Long Blades
  4725 | D:4      | Found a glowing golden altar of the Shining One.
  5001 | D:4      | Got a creamy pearl robe
  5012 | D:4      | Identified the cursed +0 robe "Luwnoet" {Dex+3} (You found it on level 4 of the Dungeon)
  5070 | D:4      | Reached skill level 5 in Dodging
  5278 | D:5      | Entered Level 5 of the Dungeon
  5278 | D:5      | Noticed Grinder
  5283 | D:5      | Paralysed by Grinder for 2 turns
  5290 | D:5      | Killed Grinder
  5572 | D:5      | Reached XP level 8. HP: 49/60 MP: 8/8
  5578 | D:5      | Reached skill level 8 in Long Blades
  5776 | D:5      | Noticed sreda's ghost (amateur OgWz)
  7423 | D:6      | Slain by a water moccasin

Skill      XL: |  1  2  3  4  5  6  7  8 |
---------------+-------------------------+-----
Long Blades    | 4 5 6 7 8 |  8.4
Fighting       | 2 3 4 |  4.5
Dodging        | 4 5 |  5.8
Throwing       | |  1.5

Action                   |  1- 3 |  4- 6 |  7- 9 || total
-------------------------+-------+-------+-------++-------
Melee: Long sword        |   127 |   190 |   108 ||   425
       Bite              |    11 |    27 |    23 ||    61
Throw: Throwing net      |     1 |     1 |     2 ||     4
  Use: Potion            |     9 |    13 |    14 ||    36
       Scroll            |       |     4 |       ||     4
 Stab: Sleeping          |     2 |     1 |     1 ||     4
       Held in net/web   |     2 |     1 |     1 ||     4
Armor: Leather armour    |    45 |    31 |     4 ||    80
       Skin              |       |       |     7 ||     7
       Robe              |       |       |    16 ||    16
Dodge: Dodged            |   105 |   127 |    97 ||   329
       Rpst.: Long sword |    31 |    46 |    25 ||   102
